 Dungeon Crawl Stone Soup version 0.21.0-3-g78d12a8 (webtiles) character file.

63 dobroeutro the Slasher (level 3, 0/43 HPs)
             Began as a Demonspawn Fighter on Jan 11, 2018.
             Succumbed to an orc's poison
             ... on level 3 of the Dungeon.
             The game lasted 00:01:54 (1733 turns).

dobroeutro the Slasher (Demonspawn Fighter)         Turns: 1733, Time: 00:01:55

Health: 0/43       AC: 21    Str: 14 (17) XL:     3   Next: 89%
Magic:  3/3        EV:  2    Int:  6 (9)  God:
Gold:   113        SH:  8    Dex: 14 (17) Spells: 2/2 levels left

rFire    . . .     SeeInvis .   a - +0 long sword
rCold    . . .     Gourm    .   c - +0 shield
rNeg     + + +     Faith    .   (armour currently unavailable)
rPois    +         Spirit   .   (helmet currently unavailable)
rElec    .         Reflect  .   (cloak currently unavailable)
rCorr    .         Harm     .   (gloves currently unavailable)
MR       .....     NoTele   +   (boots currently unavailable)
Stlth    ++........             (no amulet)
HPRegen  0.14/turn              (no ring)
MPRegen  0.08/turn              (no ring)

@: agile, lethally poisoned (0 -> -7), tree-form, berserk cooldown, slowed, very
slow
A: no striking features
a: no special abilities


You were on level 3 of the Dungeon.
You were not hungry.
You were a tree.
You visited 1 branch of the dungeon, and saw 3 of its levels.

You collected 113 gold pieces.

Inventory:

Hand Weapons
 a - a +0 long sword (weapon)
 t - a cursed +0 spear
Armour
 b - a +0 scale mail (melded)
 c - a +0 shield (worn)
 r - a +1 helmet of see invisible (melded)
Jewellery
 q - a cursed amulet of inaccuracy {unknown}
Wands
 n - a wand of enslavement (9)
Scrolls
 e - 2 scrolls of identify {unknown}
 g - a scroll of enchant weapon {unknown}
 h - 2 scrolls of teleportation {unknown}
 j - a scroll of blinking {unknown}
 l - a scroll of magic mapping {unknown}
 m - a scroll of fog {unknown}
 s - a scroll of amnesia {unknown}
Potions
 d - a potion of might
 i - a potion of berserk rage
Comestibles
 f - 6 rations
 v - 6 chunks of flesh


   Skills:
 - Level 3.0 Fighting
 + Level 3.9 Long Blades
 - Level 2.6 Armour
 - Level 2.6 Shields


You had 2 spell levels left.
You didn't know any spells.

Dungeon Overview and Level Annotations

Branches:
Dungeon (3/15)

Altars:


Innate Abilities, Weirdness & Mutations

((You are partially covered in large bone plates. (SH +4)))


Message History

Your +1 helmet of see invisible melds into your body.
Your +0 scale mail melds into your body.
You feel less perceptive.
Your roots penetrate the ground.
* * * LOW HITPOINT WARNING * * *
You feel sick.
It was a potion of degeneration.
There was something very wrong with that liquid.
You feel weakened.
You feel dopey.
You feel clumsy.
* * * LOW HITPOINT WARNING * * *
You feel sick.
It was a potion of flight.
Your roots keep you in place.
* * * LOW HITPOINT WARNING * * *
You feel sick.
It was a potion of agility.
You feel agile all of a sudden.
* * * LOW HITPOINT WARNING * * *
You feel sick.
Okay, then.
There is a lethal amount of poison in your body!
You die...

#.$ ###..### .##
......# # ..... #
###....##.# #...#
#.#.......#.# #...####
# #...........#
#)..... .#
#..>....#####....###.#
#..)...#............##
##...#...♣......>.....
##....#............#
#.#########....###.#
#.# ##........# #.#
#......#### #.
#....#.# . ####.#.##.#
# #......# ....
####.##.####....


There were no monsters in sight!

Vanquished Creatures
  An adder (D:2)
  An ooze (D:1)
  2 worms
  A dart slug (D:1)
  A leopard gecko (D:2)
  An orc (D:3)
  6 bats
  2 giant cockroaches
  4 goblins
  2 hobgoblins
  4 jackals (D:1)
  A quokka (D:3)
  A ball python (D:1)
  3 frilled lizards
  5 kobolds
  5 rats
40 creatures vanquished.

Notes
Turn   | Place    | Note
-------+----------+-------------------------------------------
     0 | D:1      | dobroeutro the Demonspawn Fighter began the quest for the Orb.
     0 | D:1      | Reached XP level 1. HP: 18/18 MP: 1/1
    92 | D:1      | Gained mutation: You are partially covered in large bone plates. (SH +4) [demonic ancestry]
    92 | D:1      | Reached XP level 2. HP: 12/24 MP: 2/2
   868 | D:2      | Reached XP level 3. HP: 29/29 MP: 3/3
  1732 | D:3      | HP: 2/43 [poisoned by an orc]
  1733 | D:3      | Succumbed to an orc's poison

Skill      XL: |  1  2 |
---------------+-------+-----
Long Blades    | 2 3 |  3.9
Fighting       | |  3.0
Armour         | |  2.6
Shields        | |  2.6

Action                   || total
-------------------------++-------
Melee: Long sword        ||   154
  Use: Potion            ||     5
  Eat: Chunk             ||     3
Armor: Scale mail        ||    64
Dodge: Dodged            ||    32
Block: Shield            ||   117
       Rpst.: Long sword ||    15
